Map: Ley Lines

Players

ShoWTimE - Winner!

  • Race: Protoss Protoss
  • League: Grandmaster
  • Spawn Location: 7:00

BabyMarine

  • Race: Terran Terran
  • Spawn Location: 1:00

Event: HomeStory Cup XXVII

VOD

Have the link to the VOD?

Description

Time

  • Played on: June 27, 2025, 3:49 p.m.
  • Length: 25:41

All games in this series

Show
View Real Time Build Order
Export as new Build Order

ShoWTimE Protoss - Winner!

Build Orders: 1 Gate Expand, Phoenix Opening, Blink Stalkers 

Get SALT Encoding   

  12  0:00  Probe  
  13  0:12  Probe  
  14  0:17  Pylon  
  14  0:23  Probe  
  15  0:31  Probe  
  15  0:35  Gateway  
  16  0:39  Probe  
  16  0:45  Assimilator  
  17  0:50  Probe  
  18  1:03  Probe  
  19  1:15  Probe  
  20  1:23  Nexus  
  20  1:31  Cybernetics Core  
  20  1:34  Probe  
  21  1:40  Assimilator  
  21  1:46  Probe  
  22  1:50  Pylon  
  22  1:56  Stalker  
  22  1:58  Probe  
  23  2:07  Warp Gate  
  25  2:10  Probe  
  26  2:22  Probe  
  27  2:24  Phoenix, Sentry  
  29  2:30  Probe  
  29  2:34  Probe  
  31  2:38  Probe  
  31  2:40  Twilight Council  
  32  2:46  Probe  
  32  2:47  Stalker  
  32  2:48  Probe  
  36  2:52  Blink  
  36  2:57  Gateway  
  36  2:58  Phoenix, Probe  
  36  3:01  Probe  
  36  3:05  Gateway  
  38  3:10  Probe  
  39  3:16  Probe  
  39  3:19  Pylon  
  40  3:23  Probe  
  41  3:29  Probe  
  42  3:35  Probe  
  42  3:41  Probe  
  44  3:47  Probe  
  45  3:56  Nexus  
  45  3:57  Pylon, Stalker  
  45  3:59  Stalker  
  49  4:04  Stalker  
  49  4:08  Probe x2  
  53  4:20  Probe  
  53  4:22  Stalker  
  56  4:25  Stalker  
  56  4:27  Gateway  
  56  4:28  Probe  
  59  4:32  Probe  
  59  4:36  Assimilator  
  59  4:37  Pylon  
  60  4:40  Probe  
  60  4:44  Probe  
  62  4:45  Forge  
  62  4:50  Phoenix  
  62  4:55  Probe  
  62  4:57  Stalker  
  62  4:58  Stalker x2  
  68  5:00  Probe  
  65  5:13  Charge  
  63  5:17  Probe  
  63  5:18  Probe  
  65  5:25  Stalker x3  
  65  5:28  Protoss Ground Weapons Level 1  
  67  5:31  Shield Battery, Robotics Facility  
  67  5:35  Pylon  
  67  5:37  Pylon  
  67  5:38  Pylon  
  67  5:40  Shield Battery  
  67  5:44  Stalker  
  67  5:45  Probe x2  
  71  5:55  Probe, Photon Cannon  
  71  5:57  Probe  
  71  5:58  Probe  
  71  6:03  Probe  
  74  6:06  Probe  
  74  6:09  Gateway, Probe  
  77  6:11  Probe  
  77  6:14  Observer, Probe  
  77  6:17  Gateway  
  79  6:21  Gateway, Probe  
  79  6:23  Probe  
  79  6:25  Gateway  
  82  6:26  Probe  
  82  6:28  Observer, Pylon  
  82  6:31  Robotics Bay  
  83  6:38  Zealot x2, Assimilator, Sentry  
  90  6:41  Zealot  
  90  6:46  Immortal  
  92  6:49  Shield Battery  
  96  6:56  Pylon  
  96  6:57  Pylon  
  96  6:59  Zealot  
  96  7:00  Zealot  
  100  7:06  Pylon  
  100  7:16  Colossus, Zealot x5  
  100  7:20  Pylon  
  110  7:27  Extended Thermal Lance  
  110  7:29  Protoss Ground Weapons Level 2  
  116  7:33  Zealot x3  
  120  7:39  Pylon  
  120  7:40  Zealot x2  
  120  7:42  Pylon  
  122  7:56  Zealot x3  
  122  7:57  Colossus, Probe  
  122  7:58  Probe x2  
  128  8:08  Observer  
  128  8:10  Probe  
  135  8:14  Nexus  
  135  8:15  Observer  
  135  8:20  Pylon  
  135  8:21  Pylon  
  135  8:29  Zealot x3  
  141  8:35  Forge  
  141  8:44  Sentry x2  
  141  8:45  Zealot x2  
  141  8:46  Observer  
  150  8:48  Probe x3  
  150  8:49  Protoss Ground Armor Level 1  
  150  8:51  Gateway  
  150  8:54  Shield Battery  
  152  8:57  Pylon  
  152  8:59  Pylon  
  152  9:00  Probe  
  152  9:01  Stalker  
  155  9:05  Colossus  
  155  9:12  Probe x2  
  155  9:15  Probe  
  164  9:22  Zealot x2  
  164  9:23  Zealot x2  
  172  9:27  Zealot x2  
  172  9:29  Observer  
  175  9:33  Zealot  
  175  9:38  Probe x2  
  179  9:43  Zealot x4  
  179  9:45  Protoss Ground Weapons Level 3  
  187  9:46  Pylon  
  187  9:54  Warp Prism  
  187  10:02  Pylon  
  179  10:07  Observer  
  179  10:12  Zealot x8  
  185  10:19  Probe x2  
  185  10:21  Nexus  
  187  10:30  Protoss Ground Armor Level 2  
  187  10:32  Zealot x4  
  187  10:33  Zealot x4  
  197  10:37  Probe x3  
  197  10:40  Pylon  
  197  10:42  Disruptor  
  186  10:54  Probe  
  186  10:56  Robotics Facility  
  189  10:58  Zealot x5  
  199  11:06  Gravitic Drive  
  199  11:10  Gateway  
  199  11:13  Gateway  
  199  11:25  Stalker x6, Nexus  
  193  11:26  Pylon  
  193  11:27  Zealot  
  193  11:30  Probe x3  
  193  11:31  Probe  
  199  11:37  Disruptor  
  199  11:46  Probe  
  190  11:54  Gateway, Probe x2  
  190  11:55  Probe x2  
  190  11:57  Gateway  
  190  11:58  Probe  
  190  12:01  Zealot x2  
  199  12:12  Photon Cannon  
  199  12:14  Photon Cannon  
  199  12:15  Shield Battery  
  199  12:21  Protoss Ground Armor Level 3  
  199  12:23  Nexus  
  199  12:24  Pylon  
  199  12:25  Observer, Dark Shrine  
  199  12:26  Protoss Shields Level 1  
  199  12:40  Nexus  
  199  12:41  Pylon  
  197  12:57  Templar Archives  
  193  13:03  Zealot x3  
  183  13:19  Zealot x8  
  195  13:21  Zealot  
  195  13:23  Probe x2  
  195  13:27  Warp Prism  
  199  13:28  Assimilator  
  195  13:37  Warp Prism  
  181  13:49  Shadow Stride  
  181  13:52  Psionic Storm  
  181  13:53  Zealot x12  
  185  14:01  Probe  
  185  14:02  Probe, Disruptor  
  187  14:03  Probe  
  187  14:04  Probe x2  
  187  14:08  Gateway  
  187  14:09  Gateway  
  194  14:13  Gateway, Disruptor  
  194  14:15  Gateway  
  186  14:19  Stalker x8  
  200  14:24  Stargate  
  200  14:28  Assimilator  
  200  14:29  Assimilator  
  194  14:49  Dark Templar x2  
  194  14:50  Dark Templar  
  196  15:00  Assimilator  
  196  15:03  High Templar x2  
  200  15:11  Gravitic Boosters  
  200  15:12  Dark Templar  
  200  15:13  Dark Templar x3  
  200  15:15  Photon Cannon  
  200  15:18  Observer, Photon Cannon  
  200  15:21  Photon Cannon  
  195  15:30  Observer  
  195  15:33  Observer  
  186  15:37  Zealot x6  
  183  15:44  Observer, Zealot x4  
  190  15:53  Zealot x3  
  190  15:54  Zealot  
  194  16:00  Probe  
  194  16:01  Probe x3  
  198  16:06  Fleet Beacon  
  198  16:07  Stargate, Zealot  
  200  16:21  Photon Cannon  
  200  16:23  Photon Cannon  
  200  16:24  Photon Cannon  
  200  16:26  Photon Cannon  
  200  16:28  Shield Battery  
  200  16:29  Shield Battery  
  200  16:30  Pylon  
  200  16:31  Pylon  
  200  16:37  Observer  
  199  16:44  Nexus  
  199  16:47  Protoss Shields Level 2  
  199  16:49  Assimilator  
  199  16:51  Zealot  
  199  16:53  Assimilator  
  199  16:57  Pylon  
  195  17:03  Observer  
  193  17:11  Stargate, Zealot x3  
  193  17:13  Assimilator  
  198  17:56  High Templar x2, Nexus  
  198  17:57  Pylon  
  200  18:01  Nexus  
  200  18:07  Nexus  
  200  18:10  Tempest  
  197  18:22  Tempest  
  197  18:24  Pylon  
  197  18:25  Pylon  
  200  18:27  Tempest  
  200  18:28  Pylon  
  198  18:46  Photon Cannon  
  198  18:48  Photon Cannon x2  
  198  18:52  High Templar, Photon Cannon  
  200  18:59  Photon Cannon  
  200  19:00  Shield Battery  
  200  19:04  Shield Battery  
  200  19:06  Shield Battery  
  200  19:09  Assimilator, Photon Cannon  
  200  19:10  Photon Cannon  
  200  19:12  Photon Cannon  
  200  19:14  Assimilator, Photon Cannon  
  200  19:17  Pylon  
  200  19:19  Photon Cannon  
  200  19:20  Photon Cannon, Tempest  
  200  19:22  Photon Cannon  
  200  19:24  Photon Cannon  
  200  19:26  Photon Cannon  
  200  19:28  Shield Battery  
  200  19:30  Shield Battery  
  199  19:32  Shield Battery  
  199  19:36  Pylon, Tempest  
  197  19:41  Tempest  
  197  19:43  Protoss Air Weapons Level 1  
  199  19:49  Protoss Shields Level 3  
  188  19:59  Zealot x13  
  200  20:00  Zealot x2  
  200  20:04  Tempest  
  196  20:08  High Templar  
  196  20:12  Assimilator x2  
  188  20:24  Zealot  
  188  20:25  Zealot x5  
  197  20:33  Probe x3  
  197  20:34  Probe x2  
  198  20:40  Photon Cannon  
  198  20:42  Probe, Photon Cannon  
  197  20:43  Photon Cannon  
  197  20:45  Probe x2  
  197  20:48  Nexus  
  199  20:56  High Templar x2  
  200  21:03  Archon  
  199  21:12  Cybernetics Core, Probe  
  200  21:23  Photon Cannon  
  200  21:26  Photon Cannon  
  200  21:27  Photon Cannon  
  200  21:30  Shield Battery  
  200  21:32  Shield Battery  
  196  21:33  Stalker x3  
  196  21:37  Stalker x3  
  196  21:38  Stalker x2  
  199  21:46  Photon Cannon  
  199  21:47  Photon Cannon  
  199  21:48  Photon Cannon  
  199  21:51  Pylon  
  193  21:54  Pylon  
  193  21:57  High Templar x3  
  193  22:00  Assimilator  
  191  22:04  Assimilator  
  191  22:05  Colossus  
  191  22:07  Pylon, Probe x2  
  195  22:13  Photon Cannon  
  183  22:15  Photon Cannon  
  183  22:17  Photon Cannon  
  183  22:19  Photon Cannon  
  183  22:20  Photon Cannon  
  183  22:21  Observer, Protoss Air Armor Level 1  
  183  22:22  Photon Cannon  
  184  22:23  Protoss Air Weapons Level 2, Unknown  
  184  22:24  Shield Battery  
  184  22:26  Shield Battery  
  184  22:28  Pylon  
  184  22:35  Probe  
  176  22:39  Observer, Zealot x11  
  196  22:47  Zealot x2  
  195  22:52  Archon  
  195  22:53  High Templar x2  
  199  23:04  Pylon  
  193  23:11  Zealot x4  
  193  23:12  Zealot x5  
  197  23:17  Colossus x2  
  197  23:18  Zealot x5  
  185  23:27  Zealot x2  
  174  23:38  Zealot x8  
  190  23:49  High Templar x4  
  190  23:52  Nexus  
  198  23:57  Probe x2  
  198  23:59  Archon x2  
  200  24:03  Observer  
  198  24:11  Observer  
  199  24:30  Disruptor x2  
  189  24:41  Zealot x6  
  196  24:52  High Templar  
  196  24:53  High Templar  
  196  24:56  Nexus  
  196  24:58  Pylon  
  198  25:06  Observer  
  195  25:16  Zealot x4  
  195  25:17  Zealot  
  181  25:23  Zealot x6  
  181  25:24  Zealot x2  
Show
View Real Time Build Order
Export as new Build Order

BabyMarine Terran 

Build Orders:  

Get SALT Encoding   

  12  0:00  SCV  
  13  0:12  SCV  
  14  0:17  Supply Depot  
  14  0:24  SCV  
  15  0:38  SCV  
  15  0:39  Barracks  
  16  0:44  Refinery  
  16  0:50  SCV  
  17  1:02  SCV  
  18  1:14  SCV  
  19  1:26  Marine  
  19  1:28  Orbital Command  
  20  1:40  Command Center  
  20  1:50  Factory  
  20  1:53  SCV  
  21  2:03  Barracks Reactor  
  21  2:04  Supply Depot  
  21  2:07  SCV  
  22  2:17  Refinery  
  22  2:20  Bunker  
  22  2:22  SCV  
  23  2:34  SCV  
  24  2:40  Starport  
  24  2:45  Hellion x2  
  24  2:48  SCV  
  29  2:56  Orbital Command  
  29  3:00  SCV  
  30  3:06  Widow Mine  
  30  3:07  Widow Mine  
  30  3:10  Barracks Tech Lab  
  34  3:13  SCV  
  34  3:17  Medivac  
  37  3:21  SCV  
  38  3:28  Widow Mine  
  38  3:29  Widow Mine  
  38  3:31  Supply Depot  
  42  3:35  SCV x2  
  42  3:39  Supply Depot  
  44  3:50  Starport Tech Lab  
  44  3:55  Marine  
  44  3:56  Marine  
  44  3:57  SCV x2  
  44  4:00  Barracks  
  48  4:06  Siege Tank  
  51  4:10  SCV x2  
  51  4:14  Marine x2  
  55  4:18  Banshee  
  55  4:22  SCV  
  59  4:30  Supply Depot  
  60  4:31  Supply Depot  
  60  4:34  SCV  
  60  4:36  Marine x2  
  62  4:51  Marine, Siege Tank, SCV x2  
  68  4:54  Marine x2  
  70  5:03  SCV x2  
  68  5:09  Marine  
  68  5:11  Marine  
  68  5:12  Marine  
  63  5:15  SCV x2  
  63  5:16  Refinery, Engineering Bay  
  63  5:23  Siege Tank  
  63  5:27  SCV  
  63  5:28  SCV  
  65  5:29  Marine  
  65  5:36  Barracks  
  65  5:38  Starport Reactor  
  65  5:39  Supply Depot  
  65  5:40  Command Center, SCV x2  
  67  5:44  Stimpack  
  67  5:45  Marine x2  
  66  5:52  SCV x2  
  68  5:57  Bunker  
  68  5:58  Supply Depot  
  68  6:02  Terran Infantry Weapons Level 1  
  68  6:04  SCV x2  
  69  6:05  Marauder  
  71  6:14  Marine x2  
  71  6:16  SCV x2  
  71  6:18  Refinery, Medivac  
  77  6:20  Supply Depot  
  77  6:27  Barracks  
  77  6:28  Barracks, Marine, SCV x2  
  77  6:30  Combat Shield  
  77  6:32  Marauder, Marine  
  83  6:36  Marine  
  84  6:40  Factory Reactor, SCV x2  
  84  6:47  Marauder  
  88  6:52  SCV  
  89  6:55  Orbital Command  
  89  6:56  Medivac  
  89  6:57  Marauder, Marine x2  
  95  7:05  Medivac  
  97  7:09  Marauder, SCV x2  
  101  7:17  Marine x2, Widow Mine x2  
  101  7:19  Barracks Tech Lab  
  101  7:22  SCV  
  108  7:24  Concussive Shells  
  108  7:28  Marauder  
  109  7:31  SCV  
  109  7:38  Medivac  
  109  7:39  Barracks Tech Lab  
  109  7:43  SCV  
  112  7:45  Orbital Command  
  112  7:50  SCV  
  109  7:53  Marauder x2  
  109  7:56  SCV  
  109  7:57  Terran Infantry Armor Level 1  
  109  7:58  Marauder, Marine x3  
  114  8:00  Widow Mine  
  114  8:03  SCV  
  114  8:04  Widow Mine  
  118  8:08  Command Center  
  118  8:14  Marine  
  118  8:15  Marauder  
  118  8:16  Bunker, SCV x2  
  118  8:17  Supply Depot x2, SCV  
  124  8:23  Missile Turret  
  124  8:30  SCV  
  124  8:31  SCV  
  124  8:33  Supply Depot  
  126  8:34  Supply Depot  
  126  8:35  Marauder, Armory, Widow Mine x2  
  126  8:39  Marauder  
  134  8:45  Viking  
  134  8:46  Viking  
  138  8:49  SCV x2  
  138  8:51  Refinery, Factory  
  138  8:52  Refinery  
  138  8:54  Marauder x2, Marine  
  145  9:08  SCV x2  
  145  9:09  Barracks  
  151  9:10  Marauder x2  
  151  9:11  Barracks  
  151  9:13  Barracks  
  151  9:15  Viking  
  151  9:16  Viking  
  159  9:17  Widow Mine x2  
  159  9:26  Marauder, Sensor Tower  
  161  9:33  Marauder x3  
  161  9:35  Factory Tech Lab  
  171  9:38  Widow Mine x2  
  171  9:43  SCV x2  
  172  9:45  Missile Turret  
  172  9:49  Engineering Bay  
  172  9:50  Viking x2  
  172  9:51  Terran Infantry Weapons Level 2  
  176  9:54  Planetary Fortress  
  176  9:58  SCV x2  
  178  10:00  SCV  
  178  10:02  Marauder, Marine  
  178  10:03  Marauder  
  178  10:05  Marine x2  
  176  10:10  Marauder, SCV  
  177  10:16  Widow Mine  
  177  10:18  Drilling Claws  
  177  10:19  Marine  
  180  10:21  Supply Depot  
  180  10:22  Barracks Tech Lab x2  
  180  10:23  Supply Depot  
  180  10:25  Marine  
  180  10:26  Widow Mine  
  180  10:28  Siege Tank  
  186  10:34  Terran Infantry Armor Level 2  
  183  10:36  Terran Vehicle And Ship Armor Level 1  
  183  10:38  SCV x3  
  183  10:39  Sensor Tower  
  183  10:40  Refinery  
  183  10:41  Barracks Tech Lab  
  183  10:42  Refinery  
  186  10:43  Marauder, Sensor Tower  
  186  10:44  Marauder  
  186  10:49  Barracks Tech Lab  
  185  10:54  Command Center  
  180  11:00  Siege Tank, Widow Mine x2  
  180  11:03  SCV x3  
  190  11:05  Sensor Tower  
  190  11:12  Ghost Academy  
  190  11:16  Marauder  
  190  11:17  Marauder x2  
  196  11:20  Starport  
  186  11:29  Marauder x4  
  186  11:30  Medivac, Widow Mine x2  
  200  11:45  Missile Turret  
  200  11:54  Missile Turret  
  200  11:57  Missile Turret  
  200  11:59  Missile Turret, Command Center  
  200  12:00  Starport Reactor  
  200  12:01  Missile Turret  
  200  12:03  Fusion Core, Personal Cloaking  
  197  12:47  Siege Tank  
  200  12:55  Refinery, Planetary Fortress  
  199  13:05  Sensor Tower  
  199  13:06  Missile Turret  
  197  13:16  Liberator  
  197  13:17  Advanced Ballistics  
  197  13:21  Terran Infantry Armor Level 3, Terran Ship Weapons Level 1, Terran Infantry Weapons Level 3  
  197  13:32  Command Center  
  197  13:33  Command Center  
  196  13:38  Unknown, Siege Tank  
  198  13:44  Unknown, SCV  
  189  13:51  SCV  
  189  13:53  Marauder x2, Liberator x2  
  189  13:54  Widow Mine x2  
  199  14:00  SCV  
  199  14:01  Command Center  
  200  14:03  Sensor Tower  
  200  14:05  Nuke  
  196  14:20  Command Center  
  196  14:21  Unknown x2  
  196  14:27  Command Center, Planetary Fortress  
  196  14:29  Sensor Tower  
  196  14:38  Liberator x2  
  200  14:46  Armory  
  200  14:48  Orbital Command  
  200  14:58  Refinery x2  
  200  14:59  Unknown, Command Center  
  200  15:20  SCV  
  200  15:34  Terran Vehicle And Ship Armor Level 2, Terran Ship Weapons Level 2  
  198  15:41  SCV  
  186  15:44  Nuke  
  186  15:48  SCV  
  183  15:51  SCV  
  182  15:57  SCV x2  
  182  16:03  Starport  
  183  16:07  Command Center x2  
  183  16:11  Liberator x2  
  186  16:12  Siege Tank  
  186  16:13  Liberator, Widow Mine x2  
  197  16:40  Orbital Command  
  197  16:46  Starport Reactor  
  196  16:53  Planetary Fortress  
  194  17:04  Liberator x2  
  191  17:30  Viking  
  191  17:33  Liberator x3  
  199  17:42  Neosteel Armor, Command Center  
  199  17:43  Command Center, Orbital Command  
  199  17:44  Orbital Command  
  199  17:56  Medivac x2  
  199  17:59  Nuke  
  199  18:00  Terran Vehicle And Ship Armor Level 3  
  199  18:11  SCV x5  
  200  18:21  Command Center  
  200  18:23  Command Center  
  200  19:04  Unknown x2  
  200  19:07  Orbital Command  
  200  19:11  Unknown  
  200  19:21  Nuke  
  200  19:35  Viking  
  199  19:45  Orbital Command  
  199  19:51  Fusion Core  
  196  19:57  SCV  
  192  20:02  Viking x2  
  192  20:04  Viking, SCV  
  192  20:05  Marauder x3, Marine x2  
  198  20:11  Unknown  
  187  20:17  SCV  
  181  20:22  Viking x2, Marine  
  181  20:23  Marine  
  181  20:25  Unknown x2, Orbital Command  
  181  20:26  Marauder x2, Marine  
  181  20:27  Marauder x2, SCV  
  181  20:28  SCV  
  187  20:32  SCV  
  179  20:37  Viking x2  
  179  20:40  Marine x2  
  179  20:41  SCV  
  179  20:42  Viking  
  184  20:44  Marauder x2, Unknown x2, Marine  
  184  20:46  Marine  
  184  20:47  Marauder  
  184  20:48  Marauder, Marine  
  190  20:51  Viking  
  190  20:52  Viking  
  194  20:58  Marine x2  
  194  20:59  Planetary Fortress  
  194  21:02  Marauder  
  192  21:05  Marauder, Marine  
  192  21:06  Marauder x2  
  192  21:08  Marine  
  192  21:09  Marauder  
  198  21:12  Planetary Fortress  
  198  21:15  Terran Ship Weapons Level 3  
  198  21:16  Marine x2  
  197  21:21  Viking  
  197  21:23  Marine  
  196  21:26  Marauder x2  
  196  21:30  Marauder x2, Marine x2  
  196  21:31  SCV  
  181  21:33  Viking  
  181  21:37  SCV x2  
  181  21:38  SCV  
  181  21:39  Marine  
  186  21:40  Marine  
  186  21:41  Marauder  
  190  21:47  Marauder, Marine  
  190  21:48  Marauder  
  190  21:49  Marauder, SCV  
  190  21:51  Marine x2  
  200  21:55  Orbital Command  
  200  21:57  Marine  
  195  22:03  Marauder  
  195  22:04  Marine  
  195  22:05  Marauder  
  191  22:09  Marauder  
  191  22:11  SCV  
  191  22:12  SCV x3  
  191  22:13  SCV  
  198  22:18  Medivac  
  199  22:24  SCV  
  199  22:25  SCV  
  199  22:29  Nuke, SCV  
  199  22:31  SCV  
  200  22:50  Marine  
  197  22:56  Marine  
  197  22:57  Marauder x2, Marine  
  189  23:02  Marauder x2, Marine x2  
  189  23:04  Medivac x2  
  188  23:09  SCV  
  177  23:15  SCV  
  177  23:16  SCV  
  172  23:20  SCV  
  172  23:21  SCV x2  
  172  23:25  Medivac  
  172  23:26  Marauder x5  
  187  23:27  Marauder  
  187  23:33  Viking  
  170  23:38  SCV  
  171  23:50  SCV x3  
  171  23:51  SCV x2  
  171  23:54  Marauder x4  
  184  23:55  Marine x2  
  184  23:58  SCV  
  184  23:59  Marine  
  188  24:04  Marine  
  189  24:11  Marauder  
  189  24:13  Marine x2  
  189  24:14  SCV x2  
  189  24:15  Marine  
  194  24:21  Marauder, Marine x2  
  193  24:25  Marine  
  193  24:26  Marauder  
  193  24:31  Marine  
  192  24:33  Orbital Command  
  192  24:35  Viking  
  192  24:36  Viking  
  184  24:54  Marauder x2  
  184  24:57  Marauder x3  
  184  24:59  Medivac x2  
  198  25:13  Marine x2  
  198  25:14  Marauder  
  192  25:18  Marine x2  
  175  25:21  Marine  
  155  25:38  Unknown  
Tags
 
Add a new tag
Caveats
  • Supply blocks, unpowered buildings, or Contaminate may cause inaccurate times.
  • Supply counts are checked every 10 seconds.